AoeStats
← King Bili

Arena

510254453Analyzed
2v2 RM · 2d ago on Sep 30, 2026· 44m 20s· 4 players
Game mode
Random Map
Map size
Medium (4 player)
Population
200
Speed
Normal
Resources
Standard
Victory
Conquest
Starting age
Dark Age
Ending age
Imperial Age
RankedLock teamsTeams togetherTeam positionsShared explorationLock speedFull tech treeHidden civsTurbo modeCheats
Victory
Defeat
🇲🇽 Saxons · Mexico
1209
+19
🇨🇱 Danes · Chile
1143
+21
🇺🇸 Persians · United States
1270
-20
🇲🇽 Bohemians · Mexico
1270
-20
Gumndor
10:07 Feudal Age
13:41 Castle Age
11:46 Double-Bit Axe
15:34 Horse Collar
16:57 Town Watch
21:13 Heavy Plow
23:01 Scale Mail Armor
24:21 Wheelbarrow
23:32 Loom
24:14 Bow Saw
25:24 Hand Cart
25:11 Town Patrol
25:48 Squires
25:49 Gambesons
25:50 Arson
26:21 Chain Mail Armor
26:21 Gold Mining
26:22 Stone Mining
27:34 Forging
28:25 Gold Shaft Mining
29:19 Iron Casting
34:27 Imperial Age
35:39 Plate Mail Armor
34:35 Elite Varangian Guard
34:42 Shield Wall
39:12 Capped Ram
40:49 Conscription
41:05 Hoardings
41:51 Fletching
42:07 Siege Ram
King Bili
3:55 Loom
11:41 Feudal Age
11:46 Feudal Age
11:51 Feudal Age
16:44 Castle Age
14:43 Double-Bit Axe
20:16 Horse Collar
23:52 Heavy Plow
24:22 Scale Mail Armor
25:36 Chain Mail Armor
27:11 Forging
29:04 Iron Casting
33:49 Imperial Age
32:24 Gold Mining
32:46 Bow Saw
33:48 Squires
37:11 Hamask
38:55 Wheelbarrow
38:06 Town Watch
38:57 Town Patrol
38:52 Stone Mining
40:21 Gold Shaft Mining
41:02 Conscription
41:17 Hand Cart
42:31 Elite Jomsviking
45:38 Blast Furnace
45:09 Plate Mail Armor
44:02 Elite Varangian Guard
Fer Rendon
9:42 Feudal Age
13:46 Castle Age
12:05 Loom
13:26 Double-Bit Axe
18:33 Fletching
25:48 Imperial Age
25:54 Chemistry
27:09 Bow Saw
jorgeaguirre1
5:04 Loom
10:34 Feudal Age
15:40 Castle Age
13:58 Double-Bit Axe
15:09 Horse Collar
17:10 Bow Saw
19:59 Wheelbarrow
19:52 Gold Mining
21:30 Bloodlines
25:24 Heavy Plow
29:00 Loom
30:00 Forging
29:55 Scale Barding Armor
33:02 Imperial Age
31:52 Iron Casting
32:41 Gold Shaft Mining
32:45 Cavalier
33:26 Husbandry
33:54 Chain Barding Armor
34:34 Blast Furnace
34:45 Chemistry
34:04 Fletching
41:20 Light Cavalry
43:41 Plate Barding Armor
43:10 Padded Archer Armor
Connection lost

Rejoining the realm…

Still unreachable

The connection could not be restored.

Session expired

The server has moved on; the page needs a fresh start.